 Dungeon Crawl Stone Soup version 0.29-a0-416-g83a48905f1 (webtiles) character file.

Game seed: 7977861005804286358

599 happo123 the Ruffian (level 7, 67/67 HPs)
             Began as a Troll Berserker on May 16, 2022.
             Was a Believer of Trog.
             Quit the game on level 4 of the Dungeon.
             The game lasted 00:10:17 (3427 turns).

happo123 the Ruffian (Troll Berserker)              Turns: 3427, Time: 00:10:17

Health: 67/67      AC:  4    Str: 28    XL:     7   Next: 17%
Magic:  6/6        EV: 10    Int:  3    God:    Trog [**....]
Gold:   135        SH:  0    Dex:  9    Spells: 6/6 levels left

rFire   . . .      SeeInvis .     - Unarmed
rCold   . . .      Faith    .   (no shield)
rNeg    . . .      Spirit   .   a - +0 animal skin
rPois   .          Reflect  .   (helmet restricted)
rElec   .          Harm     .   (no cloak)
rCorr   .          Rampage  .   (gloves unavailable)
Will    .....                   (boots unavailable)
Stlth   +.........              (no amulet)
HPRegen 1.01/turn               (no ring)
MPRegen 0.10/turn               (no ring)

@: no status effects
A: large, unfitting armour, claws 3, regeneration 1, shaggy fur 1, tough skin 1
a: Renounce Religion, Berserk, Trog's Hand


You were on level 4 of the Dungeon.
You worshipped Trog.
Trog was pleased with you.
You visited 1 branch of the dungeon, and saw 4 of its levels.

You collected 135 gold pieces.

Inventory:

Missiles
 k - a throwing net (quivered)
Armour
 a - a +0 animal skin (worn)
Jewellery
 f - an amulet of magic regeneration
Scrolls
 h - a scroll of immolation {unknown}
 j - a scroll of brand weapon {unknown}
 m - 3 scrolls of identify {unknown}
 n - 4 scrolls of teleportation {unknown}
 o - a scroll of enchant armour {unknown}
 p - a scroll of magic mapping {unknown}
 q - a scroll of silence {unknown}
 r - a scroll of amnesia {unknown}
 s - a scroll of enchant weapon {unknown}
Potions
 b - 2 potions of magic {unknown}
 c - 2 potions of haste {unknown}
 d - 2 potions of cancellation {unknown}
 e - 6 potions of curing {unknown}
 g - 2 potions of heal wounds {unknown}
 i - a potion of ambrosia {unknown}
 l - 4 potions of berserk rage {unknown}


   Skills:
 + Level 3.5 Fighting
 + Level 4.0 Dodging
 + Level 1.1 Stealth
 + Level 6.2 Unarmed Combat


You had 6 spell levels left.
You didn't know any spells.
Your spell library was empty.

Dungeon Overview and Level Annotations

Branches:
Dungeon (4/15)             Temple (0/1) D:4

Altars:

Shops:
D:1 :


Innate Abilities, Weirdness & Mutations

You are too large for most types of armour.
You have claws for hands.
Your natural rate of healing is unusually fast.
You are covered in fur. (AC +1)
You have tough skin. (AC +1)


Message History

You kill the goblin!
Trog accepts your kill.
You see here a +0 dagger.
You hear the quick rusting of a very distant drain.
You hear the rapid rusting of a very distant drain.
You see here a +0 dagger.
You hear the rapid rusting of a very distant drain.
r - a scroll labelled UPRATR NETINYUNO You hear the rapid rusting of a very distant drain.
You hear the rapid rusting of a very distant drain.
There is a stone staircase leading up here.
Found a stone staircase leading down.
You now have 135 gold pieces (gained 11).
You hear the drain falling apart.
There is a stone staircase leading down here.
The walls and floor vibrate strangely for a moment.
You see here a +0 war axe.
Things that are here:
a +0 club; a +0 ring mail; a +0 hand axe You see here a +0 robe.
s - a scroll labelled ODAKHU TEKAR
Found a stone staircase leading down.
Found a short sword.
Welcome back, happo123 the Troll Berserker.
Trog says: Kill them all!
Press ? for a list of commands and other information.
An adder comes into view.
You enter the shallow water.
Moving in this stuff is going to be slow.
You mangle the adder!!
You kill the adder!
Trog accepts your kill.
You see here an adder corpse.
You see here an adder corpse.
You see here a +0 short sword.
You enter the shallow water.
Moving in this stuff is going to be slow.
You see here an adder corpse.
There is a collapsed entrance here.
Are you sure you want to abandon this character and quit the game? (Confirm with "yes".)

#.. ##..###..####......# ##
##.# ##..##.......###..#
..##.. ##.......#### ##..
......# ##......## ##.
....... ###.......# ##.
.......###.........# #..
.............).##..########..
##......##########........#
##.....#≈@≈≈≈≈≈†≈...####.#
##.....##########.### #.#
#.........## #.## #..
#.###.......## #. ##. #.
#....##..# ## #. #.
#.##.###.## ##. . #.#####
##.# ##.# #.# ### #.## ..#
###


There were no monsters in sight!

Vanquished Creatures
  Grinder (D:3)
  A phantom (D:4)
  A necrophage (D:4)
  An orc priest (D:4)
  A hound (D:4)
  An iguana (D:4)
  Terence (D:3)
  8 adders
  2 worms
  2 dart slugs
  6 orcs (D:4)
  6 ball pythons
  4 bats
  3 endoplasms
  2 giant cockroaches (D:2)
  7 goblins
  3 hobgoblins
  7 jackals
  2 frilled lizards (D:2)
  6 kobolds
  6 rats
71 creatures vanquished.

Notes
Turn   | Place    | Note
-------+----------+-------------------------------------------
     0 | D:1      | happo123 the Troll Berserker began the quest for the Orb.
     0 | D:1      | Reached XP level 1. HP: 22/22 MP: 0/0
   167 | D:1      | Reached XP level 2. HP: 29/29 MP: 1/1
   303 | D:1      | Found Leiqiqil's Book Shop.
   781 | D:2      | Reached XP level 3. HP: 33/36 MP: 2/2
   876 | D:2      | Found a faded altar of an unknown god.
  1425 | D:3      | Reached ** piety under Trog
  1457 | D:3      | Reached XP level 4. HP: 39/44 MP: 3/3
  1577 | D:3      | Noticed Terence
  1595 | D:3      | Killed Terence
  1596 | D:3      | Reached skill level 4 in Unarmed Combat
  1892 | D:3      | Noticed Grinder
  1911 | D:3      | Paralysed by Grinder for 3 turns
  1915 | D:3      | Killed Grinder
  1916 | D:3      | Reached skill level 5 in Unarmed Combat
  1916 | D:3      | Reached XP level 5. HP: 22/53 MP: 4/4
  1916 | D:3      | Reached XP level 6. HP: 25/61 MP: 5/5
  2589 | D:4      | Found a staircase to the Ecumenical Temple.
  2630 | D:4      | Reached skill level 1 in Stealth
  2694 | D:4      | Reached skill level 6 in Unarmed Combat
  2694 | D:4      | Reached XP level 7. HP: 67/67 MP: 6/6
  3427 | D:4      | Quit the game

Illustrated notes

Levels and vault maps discovered:
D:1:      wander_arrival_desolate, layout_loops_corners, serial_shops, shop,
          minmay_misc_feat_columns, minmay_misc_feat_rows, minmay_pentomino_t4
D:2:      layout_basic, dreamdust_ecumenical_altar_angels_and_demons,
          minmay_misc_feat_nine_boxes, serial_bayou_pond_e, kennysheep_nub
D:3:      layout_basic, uniq_terence, uniq_grinder
D:4:      layout_layer_cave, minmay_temple_entry_drinking_statues,
          portal_sewer_entry_d

Skill      XL: |  1  2  3  4  5  6  7 |
---------------+----------------------+-----
Dodging        | 3 4 |  4.0
Fighting       | 3 |  3.5
Unarmed Combat | 5 6 |  6.2
Stealth        | 1 |  1.1

Action                   |  1- 3 |  4- 6 |  7- 9 || total
-------------------------+-------+-------+-------++-------
Melee: Unarmed           |    89 |   105 |    20 ||   214
       Punch             |       |     4 |       ||     4
 Stab: Sleeping          |     1 |       |       ||     1
Armor: Animal skin       |    30 |    25 |     6 ||    61
Dodge: Dodged            |    52 |    30 |    16 ||    98

Table legend: (Time is in decaauts)
 A = Elapsed time spent in this place.
 B = Non-inter-level travel time spent in this place.
 C = Inter-level travel time spent in this place.
 D = Time resting spent in this place.
 E = Time spent auto-exploring this place.
 F = Levels seen in this place.
 G = Mean time per level.
                   A        B        C        D        E       F      G
               +--------+--------+--------+--------+--------+-----+--------+
         Total |   3422 |   2888 |    534 |      0 |   2445 |   4 |  855.5 |
       Dungeon |   3422 |   2888 |    534 |      0 |   2445 |   4 |  855.5 |
               +--------+--------+--------+--------+--------+-----+--------+

Top non-repeatable levels by time:
     D:4: 1081 daAuts
     D:3: 937 daAuts
     D:1: 770 daAuts
     D:2: 633 daAuts
